 Dungeon Crawl Stone Soup version 0.28-b1-25-g9875b3fc8c (webtiles) character file.

Game seed: 3359280301180200769

8109 DildoBatman the Fighter (level 11, 0/69 (87) HPs)
             Began as a Formicid Conjurer on Feb 1, 2022.
             Was a Believer of Kikubaaqudgha.
             Slain by Harold (3 damage)
             ... on level 8 of the Dungeon.
             The game lasted 00:51:56 (11178 turns).

DildoBatman the Fighter (Formicid Conjurer)        Turns: 11178, Time: 00:51:57

HP:   0/69 (87)     AC: 23    Str: 11    XL:     11   Next: 49%
MP:   7/21          EV: 12    Int: 19    God:    Kikubaaqudgha [**....]
Gold: 485           SH:  0    Dex: 13    Spells: 8/24 levels left

rFire   . . .      SeeInvis +   a - +5 great sword
rCold   . . .      Faith    .   (no shield)
rNeg    . . .      Spirit   .   D - +2 swamp dragon scales
rPois   +          Reflect  .   (helmet unavailable)
rElec   .          Harm     .   M - +0 cloak
rCorr   .          Rampage  .   x - +0 pair of gloves
Will    +....                   G - +0 pair of boots
Stlth   +.........              m - amulet of magic regeneration
HPRegen 0.21/turn               V - +4 ring of protection
MPRegen 0.57/turn               P - +4 ring of protection

@: marked, heavily drained
A: permanent stasis, dig shafts and tunnels, antennae 3, four strong arms
a: Dig, Shaft Self, Renounce Religion, Receive Corpses


You were on level 8 of the Dungeon.
You worshipped Kikubaaqudgha.
Kikubaaqudgha was pleased with you.
You visited 2 branches of the dungeon, and saw 11 of its levels.
You also visited: Sewer.

You collected 485 gold pieces.

Inventory:

Hand Weapons
 a - a +5 great sword (weapon)
 b - a +2 dagger of electrocution
 c - a +0 shortbow
 d - a +1 quarterstaff of pain
 e - a +2 mace of holy wrath
 K - a +2 spear of flaming
Missiles
 g - 178 stones
 j - 246 arrows
 q - 29 poisoned darts
 y - 99 sling bullets
 E - a boomerang of dispersal
 F - 17 bolts
 H - a curare-tipped dart
 I - a boomerang
Armour
 p - +0 steam dragon scales
 x - a +0 pair of gloves (worn)
 B - a +2 robe of resistance
 D - +2 swamp dragon scales (worn)
 G - a +0 pair of boots (worn)
 M - a +0 cloak (worn)
 T - a +2 leather armour of positive energy
Jewellery
 l - an amulet of guardian spirit
 m - an amulet of magic regeneration (around neck)
 v - a ring of willpower
 P - a +4 ring of protection (right hand)
 S - a ring of protection from fire
 V - a +4 ring of protection (left hand)
Wands
 s - a wand of digging (9)
 t - a wand of mindburst (16)
 N - a wand of acid (5)
 O - a wand of flame (22)
Scrolls
 f - a scroll of amnesia
 h - 4 scrolls of immolation
 n - 3 scrolls of vulnerability {unknown}
 o - 9 scrolls of identify
 u - 3 scrolls of enchant weapon
 w - 3 scrolls of fear {unknown}
 A - 2 scrolls of silence {unknown}
 C - a scroll of magic mapping
 L - 4 scrolls of fog {unknown}
Potions
 i - a potion of flight {unknown}
 k - 3 potions of brilliance {unknown}
 r - 4 potions of magic
 z - a potion of haste {unknown}
 J - a potion of ambrosia {unknown}
 Q - a potion of invisibility {unknown}
 R - a potion of attraction {unknown}
 U - a potion of heal wounds


   Skills:
 * Level 8.4 Fighting
 * Level 8.4 Armour
 * Level 6.4 Dodging
 - Level 2.4 Stealth
 - Level 7.0 Spellcasting
 - Level 6.0 Conjurations
 * Level 7.6 Necromancy


You had 8 spell levels left.
You knew the following spells:

 Your Spells              Type           Power      Damage    Failure   Level
a - Searing Ray           Conj           58%        2d6       2%          2
b - Pain                  Necr           100%       1d9       1%          1
c - Magic Dart            Conj           100%       1d8       1%          1
d - Agony                 Necr           35%        N/A       26%         5
e - Dazzling Flash        Conj/Hex       36%        N/A       19%         3
f - Animate Skeleton      Necr           70%        N/A       1%          1
g - Shock                 Conj/Air       72%        1d7       6%          1
z - Sublimation of Blood  Necr           35%        N/A       1%          2

Your spell library contained the following spells:

 Spells                   Type           Power      Damage    Failure   Level
 Fulminant Prism          Conj/Hex       9%         3d7       52%         4
 Iskenderun's Mystic Bla  Conj/Tloc      18%        2d6       52%         4
 Airstrike                Air            3%         N/A       90%         4
 Cause Fear               Hex            3%         N/A       90%         4
 Silence                  Hex/Air        3%         N/A       99%         5
 Starburst                Conj/Fire      9%         6d5       100%        6
 Dragon Form              Tmut           3%         N/A       100%        7
 Dragon's Call            Summ           3%         N/A       100%        9
 Swiftness                Air            Unusable   N/A       N/A         3

Dungeon Overview and Level Annotations

Branches:
Dungeon (10/15)            Temple (1/1) D:7           Sewer (visited)
   Lair: D:8-11         Orc: D:9-12

Altars:
Dithmenos
Fedhas
Kikubaaqudgha
Makhleb
Uskayaw
The Shining One

Shops:
D:6 =

Annotations:
D:7 2 transporters, Sensen's ghost, novice DsFi
D:8 Harold
D:9 1 exclusion
D:10 Fannar; Joseph; Nergalle


Innate Abilities, Weirdness & Mutations

You cannot be hasted, slowed, berserked, paralysed or teleported.
You can dig through walls and to a lower floor.
You have a pair of large antennae on your head. (SInv)
Your four strong arms can wield two-handed weapons with a shield.


Message History

The searing ray hits Harold!
Harold is heavily wounded. (Press . to maintain the ray.) Harold closely misses you.
The searing ray hits Harold!
Harold is severely wounded.
Harold hits you with a +4 flail of draining!
You feel drained.
The searing ray hits Harold.
Harold is severely wounded.
Harold hits you with a +4 flail of draining.
You feel drained.
The searing ray hits Harold!
Harold is almost dead.
You finish channelling your searing ray.
Harold casts a spell at you. The mark upon you grows brighter.
Casting: Searing Ray (safe; 2% risk of failure)
Confirm with . or Enter, or press ? or * to list all spells.
The spell is quite dangerous to miscast (26% risk of failure)!
Continue anyway?
Okay, then.
Casting: Agony (quite dangerous; 26% risk of failure)
Confirm with . or Enter, or press ? or * to list all spells.
Aiming: Searing Ray (safe; 2% risk of failure)
Press: ? - help, Shift-Dir - straight line, f/p - Harold
Aim: Harold, wielding a +4 flail of draining and wearing a +0 ring mail (almost dead, blind, 87% to hit)
The searing ray hits Harold.
Harold is almost dead. (Press . to maintain the ray.) Harold is no longer blind.
Harold hits you with a +4 flail of draining!
You feel drained.
Casting: Searing Ray (safe; 2% risk of failure)
Confirm with . or Enter, or press ? or * to list all spells.
Casting: Dazzling Flash (dangerous; 19% risk of failure)
Press: ? - help, Dir - look around, f - activate Harold hits you with a +4 flail of draining!
You feel drained.
You die...
Kikubaaqudgha rasps: "You have failed me!
Welcome... death!"

#.#.# ## #.#.# ##
#.#.# #. #.#.#
#### #.#.# #...
#.#.# ##... #.#.#
#.... #.#.# #...#
#@#.# ###....
#@#.## ####...##.
#(#..####.....####
#.##.#.........# #
#.##.#.#######.###
#.##.#.#.#.#.#..#.
#.##...#^^^^^#....
#.##.###.#####..#.
#.##.#.'.....'..##


You could see Harold.

Vanquished Creatures
  A centaur warrior (D:8)
  A deep elf pyromancer (D:9)
  Maggie (D:5)
  2 trolls
  Prince Ribbit (D:7)
  2 hornets (D:9)
  Sigmund (D:6)
  4 yaks (D:8)
  A steam dragon (D:9)
  A warg (D:10)
  Duvessa (D:7)
  Pargi (Sewer)
  A sky beast (D:3)
  4 ice beasts
  2 black bears
  2 ogres
  6 orc warriors
  5 centaurs
  3 phantoms
  3 kobold brigands
  3 bullfrogs
  A scorpion (D:6)
  A gnoll sergeant (D:10)
  A wyvern skeleton (D:7)
  Dowan (D:7)
  3 killer bees (D:9)
  9 wights
  2 howler monkeys
  4 centaur zombies
  A centaur skeleton (D:6)
  A bullfrog skeleton (D:5)
  A gnoll shaman (D:9)
  A jelly (D:5)
  A hound (D:5)
  9 orc priests
  An iguana (D:7)
  11 orc wizards
  2 hound skeletons (D:4)
  8 gnolls
  7 adders
  3 shadow imps
  4 white imps
  An ufetubus (D:6)
  2 worms
  A dart slug (D:4)
  38 orcs
  5 endoplasms
  5 giant cockroaches
  6 hobgoblins
  4 jackals (D:1)
  7 quokkas
  3 ball pythons
  9 bats
  6 frilled lizards
  5 goblins
  16 kobolds
  A rat (D:2)
227 creatures vanquished.

Notes
Turn   | Place    | Note
-------+----------+-------------------------------------------
     0 | D:1      | DildoBatman the Formicid Conjurer began the quest for the
                  | Orb.
     0 | D:1      | Reached XP level 1. HP: 13/13 MP: 3/3
   164 | D:1      | Reached XP level 2. HP: 19/19 MP: 3/5
   167 | D:1      | Learned a level 2 spell: Searing Ray
   391 | D:1      | Found a faded altar of an unknown god.
   637 | D:2      | Reached XP level 3. HP: 24/24 MP: 4/6
   695 | D:2      | Found a shadowy altar of Dithmenos.
  1462 | D:3      | Reached XP level 4. HP: 30/30 MP: 5/7
  1485 | D:3      | Reached skill level 5 in Conjurations
  1521 | D:3      | Noticed a sky beast
  1531 | D:3      | Killed a sky beast
  1532 | D:3      | Reached XP level 5. HP: 35/35 MP: 1/8
  2073 | D:4      | Found a glowing drain.
  2111 | D:4      | Reached XP level 6. HP: 42/42 MP: 4/9
  2151 | D:4      | Reached skill level 1 in Fighting
  2151 | D:4      | Reached skill level 1 in Armour
  2174 | Sewer    | Entered a sewer
  2229 | Sewer    | Noticed Pargi
  2394 | Sewer    | Killed Pargi
  2459 | Sewer    | Reached XP level 7. HP: 27/50 MP: 5/12
  2920 | D:4      | Reached skill level 5 in Spellcasting
  3217 | D:5      | Entered Level 5 of the Dungeon
  3693 | D:5      | Reached XP level 8. HP: 56/56 MP: 12/17
  3695 | D:5      | You fall into a shaft and drop 2 floors!
  3695 | D:7      | Noticed Prince Ribbit
  3864 | D:6      | HP: 2/56 [orc warrior (1)]
  4357 | D:6      | Found Ugagoen's One-of-a-Kind Rings.
  4427 | D:6      | Reached XP level 9. HP: 43/65 MP: 12/19
  4446 | D:6      | Noticed Maggie
  4464 | D:5      | You fall into a shaft and drop 2 floors!
  4765 | D:6      | Noticed Sigmund
  4779 | D:6      | You fall into a shaft and drop 1 floor!
  4789 | D:7      | Killed Prince Ribbit
  4947 | D:7      | Reached skill level 5 in Fighting
  4947 | D:7      | Reached skill level 5 in Armour
  4954 | D:7      | Reached skill level 1 in Necromancy
  5058 | D:7      | Noticed Duvessa
  5059 | D:7      | Noticed Dowan
  5335 | D:6      | Found an ancient bone altar of Kikubaaqudgha.
  5340 | D:6      | Became a worshipper of Kikubaaqudgha
  5463 | D:6      | Killed Sigmund
  5910 | D:5      | Killed Maggie
  5911 | D:5      | Reached skill level 5 in Necromancy
  6260 | D:7      | Reached XP level 10. HP: 61/74 MP: 14/20
  6330 | D:7      | Killed Duvessa
  6334 | D:7      | Killed Dowan
  6336 | D:7      | Noticed Sensen's ghost (novice DsFi)
  6386 | D:7      | Reached * piety under Kikubaaqudgha
  6386 | D:7      | Received a gift from Kikubaaqudgha
  6397 | D:7      | Learned a level 2 spell: Sublimation of Blood
  6399 | D:7      | Learned a level 1 spell: Shock
  6418 | D:7      | Found a staircase to the Ecumenical Temple.
  6426 | Temple   | Entered the Ecumenical Temple
  6571 | D:7      | Found a transporter.
  6582 | D:7      | Noticed a moth of wrath
  6622 | D:7      | Found a transporter.
  6977 | D:8      | Noticed Harold
  7035 | D:8      | You fall into a shaft and drop 1 floor!
  8195 | D:9      | Noticed a centaur warrior
  8281 | D:8      | Found a glowing golden altar of the Shining One.
  8341 | D:8      | Learned a level 5 spell: Agony
  8596 | D:8      | Reached skill level 5 in Dodging
  8712 | D:8      | Killed a centaur warrior
  8713 | D:8      | Reached XP level 11. HP: 46/84 MP: 8/21
  8775 | D:9      | Noticed a deep elf pyromancer
  9066 | D:9      | Killed a deep elf pyromancer
  9066 | D:9      | Reached ** piety under Kikubaaqudgha
  9615 | D:10     | Entered Level 10 of the Dungeon
  9680 | D:10     | Noticed Fannar
  9789 | D:10     | Noticed Nergalle
 10231 | D:10     | Learned a level 3 spell: Dazzling Flash
 10233 | D:10     | Learned a level 1 spell: Animate Skeleton
 10235 | D:10     | Learned a level 1 spell: Pain
 10374 | D:10     | Noticed Joseph
 11178 | D:8      | HP: 3/72 [Harold (14)]
 11178 | D:8      | Slain by Harold

Illustrated notes

Levels and vault maps discovered:
D:1:      minmay_arrival_cross, layout_rooms,
          hellmonk_ecumenical_altar_crossroads, dk_noncrumbling_4
D:2:      layout_basic, basic_altar, minmay_misc_feat_alley
D:3:      layout_basic
D:4:      layout_loops_ring, gup_sewer_entry_pipe
D:5:      layout_loops_corners, minmay_misc_feat_more_columns
D:6:      layout_cave_pools, nicolae_kikubaaqudgha_miasma_corner,
          kennysheep_flooded_box, nicolae_shop_unique_rings, uniq_maggie,
          uniq_sigmund
D:7:      layout_cave_pools, minmay_temple_entry_butterflies,
          gammafunk_ghost_berserking_beasts, feat_on_display,
          uniq_prince_ribbit1, uniq_duvessa
D:8:      layout_cave_pools, mainiacjoe_overflow_alcove_2, serial_rivers,
          chequers_serial_rivers_micro_e, chequers_serial_rivers_micro_d,
          chequers_serial_rivers_micro_c, chequers_serial_rivers_micro_c,
          minmay_misc_feat_four_crosses, grunt_tough_drop, uniq_harold
D:9:      layout_basic, minmay_bent
D:10:     layout_gridville, erik_orc_4, hangedman_fish_farm, uniq_fannar,
          uniq_nergalle, uniq_joseph
Temple:   mainiacjoe_temple_cubbyholes

Skill      XL: |  1  2  3  4  5  6  7  8  9 10 11 |
---------------+----------------------------------+-----
Conjurations   | 4 5 6 |  6.0
Fighting       | 2 4 5 7 8 |  8.4
Armour         | 2 4 5 7 8 |  8.4
Spellcasting   | 3 6 7 |  7.0
Dodging        | 3 5 6 |  6.4
Necromancy     | 6 7 |  7.6
Stealth        | |  2.4

Action                   |  1- 3 |  4- 6 |  7- 9 | 10-12 || total
-------------------------+-------+-------+-------+-------++-------
Melee: Dagger            |     1 |     2 |       |       ||     3
 Cast: Magic Dart        |    52 |    45 |    51 |    46 ||   194
       Searing Ray       |     6 |    25 |    87 |   118 ||   236
       Dazzling Flash    |       |       |       |     3 ||     3
 Abil: Dig               |       |     1 |     5 |     7 ||    13
       Shaft Self        |       |       |     2 |     1 ||     3
Evoke: Wand              |       |       |     2 |       ||     2
  Use: Scroll            |       |     5 |     3 |       ||     8
       Potion            |       |       |     5 |     2 ||     7
Armor: Robe              |       |     4 |    18 |     8 ||    30
       Swamp dragon scal |       |       |     4 |   163 ||   167
Dodge: Dodged            |    10 |     4 |    57 |   150 ||   221
